 Dungeon Sprint DCSS version 0.28.0-43-g3370ac3207 (webtiles) character file.

Game seed: 3840621273567197216

113 Groucho the Covert (level 4, -6/21 HPs)
             Began as a Spriggan Enchanter on Mar 27, 2022.
             Mangled by a scorpion (9 damage)
             ... in the Dungeon (Sprint II: "The Violet Keep of Menkaure").
             The game lasted 00:00:18 (21 turns).

Groucho the Covert (Spriggan Enchanter)               Turns: 21, Time: 00:00:19

Health: -6/21      AC:  2    Str:  6    XL:     4   Next: 65%
Magic:  8/13       EV: 17    Int: 16    God:
Gold:   0          SH:  0    Dex: 15    Spells: 15/15 levels left

rFire   . . .      SeeInvis +   a - +1 dagger
rCold   . . .      Faith    .   (no shield)
rNeg    . . .      Spirit   .   b - +0 robe
rPois   .          Reflect  .   (helmet restricted)
rElec   .          Harm     .   (no cloak)
rCorr   .          Rampage  .   (gloves unavailable)
Will    .....      NoTele   +   (boots unavailable)
Stlth   +++++.....              (no amulet)
HPRegen 0.07/turn               (no ring)
MPRegen 0.13/turn               (no ring)

@: lethally poisoned (-6 -> -17), on berserk cooldown, slowed, quick
A: very small, no large weapons, unfitting armour, see invisible, speed 3
a: no special abilities


You were in the Dungeon.
You visited 1 branch

Inventory:

Hand Weapons
 a - a +1 dagger (weapon)
Armour
 b - a +0 robe (worn)
Scrolls
 i - a scroll of blinking
Potions
 c - a potion of invisibility
 d - a potion of curing
 e - a potion of heal wounds
 f - a potion of haste
 g - 2 potions of magic


   Skills:
 - Level 1.1 Short Blades
 - Level 2.6 Dodging
 * Level 11.1 Stealth
 + Level 6.1 Spellcasting
 + Level 6.6 Hexes


You had 15 spell levels left.
You didn't know any spells.
Your spell library contained the following spells:

 Spells                   Type           Power      Damage    Failure   Level
 Confusing Touch          Hex            26%        N/A       2%          3
 Tukima's Dance           Hex            26%        N/A       2%          3
 Ensorcelled Hibernation  Hex/Ice        30%        N/A       5%          2
 Dazzling Flash           Conj/Hex       30%        N/A       11%         3


Dungeon Overview and Level Annotations

Branches:
Dungeon (1/1)

Altars:


Innate Abilities, Weirdness & Mutations

You are very small and have problems with some larger weapons.
You are too small for most types of armour.
You have supernaturally acute eyesight. (SInv)
You cover ground extremely quickly. (Speed+++)


Message History

You have reached level 3!
Your experience leads to an increase in your attributes!
Increase (S)trength, (I)ntelligence, or (D)exterity?
You feel stronger. x2
Unknown command.
Unknown command.
You hit the scorpion.
The scorpion is moderately wounded.
The scorpion barely misses you.
You hit the scorpion.
The scorpion is moderately wounded.
The scorpion closely misses you.
You puncture the scorpion!
You kill the scorpion!
Your Stealth skill gained 2 levels and is now at level 11!
Your Spellcasting skill increases to level 6!
Your Hexes skill increases to level 6!
You have reached level 4!
Unknown command.
You closely miss the scorpion. The scorpion closely misses you.
You closely miss the scorpion. You barely miss the scorpion.
The scorpion misses you.
You hit the scorpion but do no damage. The scorpion barely misses you.
You hit the scorpion but do no damage. The scorpion completely misses you.
Unknown command.
You barely miss the scorpion. You barely miss the scorpion.
The scorpion barely misses you.
You puncture the scorpion!
The scorpion is severely wounded.
You are no longer berserk.
You are exhausted.
You feel yourself slow down. The scorpion stings you.
You are lethally poisoned!
The scorpion poisons you!
You barely miss the scorpion.
The scorpion is severely wounded.
* * * LOW HITPOINT WARNING * * *
You feel very sick. The scorpion stings you!
You die...

# #. #+#
#.s##.##
#s@<.+
#..##.##
#. #+# #


You could see 2 scorpions.

Vanquished Creatures
  2 scorpions (D)
2 creatures vanquished.

Notes
Turn   | Place    | Note
-------+----------+-------------------------------------------
     0 | D        | Groucho the Spriggan Enchanter began the quest for the Orb.
     0 | D        | Reached XP level 1. HP: 9/9 MP: 5/5
     1 | D        | Noticed a scorpion
     1 | D        | Noticed a scorpion
     1 | D        | Noticed a scorpion
     1 | D        | Noticed a scorpion
     9 | D        | Killed a scorpion
    10 | D        | Reached skill level 9 in Stealth
    10 | D        | Reached skill level 5 in Spellcasting
    10 | D        | Reached skill level 5 in Hexes
    10 | D        | Reached XP level 2. HP: 10/13 MP: 6/9
    10 | D        | Reached XP level 3. HP: 13/16 MP: 6/10
    12 | D        | Killed a scorpion
    13 | D        | Reached skill level 11 in Stealth
    13 | D        | Reached XP level 4. HP: 17/21 MP: 7/13
    21 | D        | Mangled by a scorpion

Illustrated notes

Levels and vault maps discovered:
D:        the_violet_keep_of_menkaure [sprint2_stairs_cluster_1,
          sprint2_shoproom, sprint2_temple, sprint2_basic_supplies,
          sprint2_obstacle_7, sprint2_obstacle_6, sprint2_obstacle_2,
          sprint2_obstacle_4, sprint2_obstacle_1, sprint2_timed_cluster_1,
          sprint2_smallroom_cluster_1, sprint2_smallroom_final_cluster_1,
          sprint2_transparent_cluster_1, sprint2_second_timed_cluster_1,
          sprint2_sniper_area_1, sprint2_heavy_combat_area_1,
          sprint2_mutation_trap_area_1, sprint2_forest_area_1,
          sprint2_light_combat_area_1, sprint2_behind_water_1,
          sprint2_near_end_vault_1]

Skill      XL: |  1  2  3 |
---------------+----------+-----
Stealth        | 9 11 | 11.1
Spellcasting   | 5 6 |  6.1
Hexes          | 5 6 |  6.6
Short Blades   | |  1.1
Dodging        | |  2.6

Action                   |  1- 3 |  4- 6 || total
-------------------------+-------+-------++-------
Melee: Dagger            |    10 |     9 ||    19
  Use: Potion            |     1 |       ||     1
Armor: Robe              |     1 |       ||     1
Dodge: Dodged            |     4 |     5 ||     9
